 Dungeon Crawl Stone Soup version 0.30-a0-728-gc68057be0a (webtiles) character file.

Game seed: 10593717422343717111

597 lilitu the Trooper (level 7, -2/61 HPs)
             Began as a Minotaur Fighter on Jan 31, 2023.
             Slain by a hound (4 damage)
             ... on level 4 of the Dungeon.
             The game lasted 00:07:17 (2926 turns).

lilitu the Trooper (Minotaur Fighter)               Turns: 2926, Time: 00:07:17

Health: -2/61      AC:  7    Str: 23    XL:     7   Next: 17%
Magic:  6/6        EV: 10    Int:  5    God:
Gold:   285        SH:  5    Dex:  9    Spells: 6/6 levels left

rFire   . . .      SeeInvis .    z - +2 whip (pain)
rCold   . . .      Faith    .    c - +0 buckler
rNeg    . . .      Spirit   .    x - +0 ring mail {rPois}
rPois   +          Reflect  .    (helmet restricted)
rElec   .          Harm     .    p - +0 cloak
rCorr   .          Rampage  .    (no gloves)
Will    .....                    (no boots) Stlth
                                 (no amulet)
HPRegen 0.30/turn                (no ring)
MPRegen 0.10/turn                (no ring)

@: no status effects
A: horns 2, retaliatory headbutt
a: no special abilities


You were on level 4 of the Dungeon.
You visited 1 branch of the dungeon, and saw 4 of its levels.

You collected 285 gold pieces.

Inventory:

Hand Weapons
 a - a +0 flail
 z - a +2 whip of pain (weapon)
Missiles
 e - 46 stones (quivered)
 w - 4 poisoned darts
 A - 6 boomerangs
Armour
 b - a +0 scale mail
 c - a +0 buckler (worn)
 p - a +0 cloak (worn)
 x - a +0 ring mail of poison resistance (worn)
Jewellery
 n - a +6 ring of strength
 t - a +5 ring of evasion
Scrolls
 i - a scroll of vulnerability {unknown}
 j - 3 scrolls of teleportation {unknown}
 k - a scroll of enchant weapon {unknown}
 l - a scroll of torment {unknown}
 o - a scroll of fog {unknown}
 s - a scroll of blinking {unknown}
 u - a scroll of magic mapping {unknown}
 v - 2 scrolls of identify {unknown}
 y - a scroll of brand weapon {unknown}
 B - a scroll of poison {unknown}
Potions
 d - a potion of might
 f - a potion of attraction {unknown}
 g - a potion of lignification {unknown}
 h - 2 potions of brilliance {unknown}
 m - a potion of flight {unknown}
 q - a potion of curing {unknown}
 r - 3 potions of haste {unknown}


   Skills:
 + Level 5.5 Fighting
 + Level 4.8 Maces & Flails
 + Level 3.0 Throwing
 + Level 5.5 Armour
 + Level 5.4 Shields


You had 6 spell levels left.
You didn't know any spells.
Your spell library contained the following spells:

 Spells                   Type           Power      Damage    Failure   Level
 Ensorcelled Hibernation  Hex/Ice        0%         N/A       85%         2
 Passwall                 Tmut/Erth      0%         N/A       85%         2
 Spider Form              Tmut/Pois      0%         N/A       97%         3
 Swiftness                Air            0%         N/A       97%         3
 Anguish                  Hex/Necr       0%         N/A       100%        4
 Iskenderun's Battlesphe  Conj           0%         2d6       100%        5
 Iron Shot                Conj/Erth      0%         9d1       100%        6
 Spellforged Servitor     Conj/Summ      0%         N/A       100%        7


Dungeon Overview and Level Annotations

Branches:
Dungeon (4/15)             Temple (0/1) D:4

Altars:
Fedhas
Kikubaaqudgha
Trog

Shops:
D:1 :

Portals:
Abyss: D:3

Annotations:
D:3 2 transporters, Valagong's ghost, weakling MiFi


Innate Abilities, Weirdness & Mutations

You have a pair of horns on your head.
You reflexively headbutt those who attack you in melee.


Message History

* * * LOW HITPOINT WARNING * * *
You block the gnoll's attack. The hound closely misses you.
The gnoll hits you from afar with a +0 halberd.
* * * LOW HITPOINT WARNING * * *
Things that are here:
a +0 flail; a gnoll corpse The gnoll is no longer moving quickly.
You block the hound's attack.
The gnoll bouda calls upon its god to heal the gnoll.
The gnoll's wounds heal themselves!
You block the gnoll's attack.
The gnoll is no longer moving quickly.
The hound bites you but does no damage.
Your attacks no longer feel as feeble.
The hound attacks as you move away! The hound closely misses you. x2
You furiously retaliate!
You headbutt the hound! The hound attacks as you move away!
The hound bites you but does no damage. The hound attacks as you move away!
The hound bites you but does no damage.
The hound pauses to sniff the ground.
The gnoll bouda barks out a call to the hunt!
The gnolls pick up the pace!
The hound bites you but does no damage. The hound attacks as you move away!
The hound misses you. You block the hound's attack.
The hound attacks as you move away! The hound bites you but does no damage.
The hound attacks as you move away! You block the hound's attack.
The gnoll bouda calls upon its god to heal the gnoll.
The gnoll is healed somewhat.
The hound bites you.
* * * LOW HITPOINT WARNING * * *
The hound attacks as you move away! The hound barely misses you.
You furiously retaliate!
You headbutt the hound. The hound bites you but does no damage.
The gnoll bouda gazes fiercely through you!
You feel your attacks grow feeble. The gnoll hits you but does no damage.
The hound attacks as you move away! The hound bites you.
* * * LOW HITPOINT WARNING * * *
You block the hound's attack. The hound attacks as you move away!
The hound bites you but does no damage.
There is a stone staircase leading up here.
Your attacks no longer feel as feeble.
The hound bites you.
You die...

#.............# #..#.>.#....###
...###........#####..#...#....#
#
..g.#....#.....##.#..######...##
#g.g....##.....#........# ##<..#
.)###g.................######..#
..# ####wg[......##.......#....#
g## #...g......#.#..........# .#
#.##......)###.####.##### ..
...###g.gh@......##### ..
....##.#.............# ........
#.......).##....#
....##...........)..##..## .
##....##....))..#### ..##
###..##...# #. ##.....## #...#.#
##.# ##


You could see a gnoll bouda, a hound and 3 gnolls.

Vanquished Creatures
  Sigmund (D:2)
  An ogre (D:4)
  A necrophage (D:4)
  A hound (D:4)
  Crazy Yiuf (D:2)
  An orc wizard (D:4)
  Terence (D:2)
  5 adders
  4 gnolls
  4 worms
  A dart slug (D:1)
  12 orcs
  4 endoplasms
  A giant cockroach (D:3)
  5 goblins
  2 hobgoblins
  2 jackals (D:1)
  6 kobolds
  2 quokkas
  6 ball pythons
  7 bats
  3 frilled lizards
  7 rats
78 creatures vanquished.

Notes
Turn   | Place    | Note
-------+----------+-------------------------------------------
     0 | D:1      | lilitu the Minotaur Fighter began the quest for the Orb.
     0 | D:1      | Reached XP level 1. HP: 19/19 MP: 0/0
    34 | D:1      | Found Daff's Book Boutique.
   113 | D:1      | Reached XP level 2. HP: 25/27 MP: 1/1
   704 | D:2      | Reached skill level 1 in Throwing
   704 | D:2      | Reached XP level 3. HP: 25/33 MP: 2/2
  1011 | D:2      | Noticed Sigmund
  1028 | D:2      | Killed Sigmund
  1029 | D:2      | Reached XP level 4. HP: 18/41 MP: 3/3
  1029 | D:2      | Reached XP level 5. HP: 21/47 MP: 4/4
  1219 | D:2      | Found a runed translucent door.
  1220 | D:2      | Noticed Crazy Yiuf
  1227 | D:2      | Killed Crazy Yiuf
  1388 | D:2      | Reached XP level 6. HP: 55/55 MP: 5/5
  1423 | D:2      | Noticed Terence
  1431 | D:2      | Killed Terence
  1506 | D:2      | Reached skill level 5 in Armour
  1704 | D:2      | Reached skill level 5 in Fighting
  1963 | D:3      | Noticed an ancient zyme
  1989 | D:3      | Found a one-way gate to the infinite horrors of the Abyss.
  1989 | D:3      | Noticed Valagong's ghost (weakling MiFi)
  2000 | D:3      | Found a transporter.
  2009 | D:3      | Found a transporter.
  2048 | D:3      | Found a blossoming altar of Fedhas.
  2049 | D:3      | Found an ancient bone altar of Kikubaaqudgha.
  2051 | D:3      | Found a bloodstained altar of Trog.
  2091 | D:3      | Reached skill level 5 in Shields
  2498 | D:4      | Found a staircase to the Ecumenical Temple.
  2540 | D:4      | Reached XP level 7. HP: 7/61 MP: 6/6
  2540 | D:4      | HP: 2/61 [orc/+0 flail (5)]
  2907 | D:4      | HP: 3/61 [worm (8)]
  2910 | D:4      | HP: 1/61 [gnoll/+0 halberd[a gnoll bouda] (2)]
  2920 | D:4      | HP: 3/61 [hound (1)]
  2924 | D:4      | HP: 1/61 [hound (3)]
  2926 | D:4      | Slain by a hound

Illustrated notes

Levels and vault maps discovered:
D:1:      amcnicky_arrival_single_pillar, layout_rooms, serial_shops,
          nicolae_lakefront_shop, minmay_parallelograms, minmay_pentomino_u4
D:2:      layout_basic, nrook_uturn, uniq_terence, uniq_crazy_yiuf_cottage,
          uniq_sigmund
D:3:      layout_rooms, chequers_temple_overflow_statue_of_worship,
          gammafunk_ghost_abyssal_escape, hangedman_decor_growths
D:4:      layout_cave_pools, minmay_temple_entry_from_below_a

Skill      XL: |  1  2  3  4  5  6  7 |
---------------+----------------------+-----
Armour         | 4 5 |  5.5
Fighting       | 4 5 |  5.5
Throwing       | 1 2 3 |  3.0
Shields        | 4 5 |  5.4
Maces & Flails | 3 4 |  4.8

Action                     |  1- 3 |  4- 6 |  7- 9 || total
---------------------------+-------+-------+-------++-------
  Melee: Flail             |    68 |   103 |       ||   171
         Headbutt          |     8 |    16 |     2 ||    26
         Whip              |       |    23 |    25 ||    48
 Armour: Scale mail        |    27 |    46 |       ||    73
         Ring mail         |       |    23 |    19 ||    42
  Dodge: Dodged            |    33 |    83 |    33 ||   149
  Block: Buckler           |    11 |    37 |     7 ||    55

Table legend: (Time is in decaauts)
 A = Elapsed time spent in this place.
 B = Non-inter-level travel time spent in this place.
 C = Inter-level travel time spent in this place.
 D = Time resting spent in this place.
 E = Time spent auto-exploring this place.
 F = Levels seen in this place.
 G = Mean time per level.
                   A        B        C        D        E       F      G
               +--------+--------+--------+--------+--------+-----+--------+
         Total |   2964 |   2897 |     67 |    195 |   2001 |   4 |  741.0 |
       Dungeon |   2964 |   2897 |     67 |    195 |   2001 |   4 |  741.0 |
               +--------+--------+--------+--------+--------+-----+--------+

Top non-repeatable levels by time:
     D:2: 1253 daAuts
     D:1: 698 daAuts
     D:3: 516 daAuts
     D:4: 495 daAuts
